AoeStats
← RoroAPC

Nomad

508346057Analyzed
4v4 RM · 10d ago on Sep 22, 2026· 40m 34s· 8 players
Game mode
Random Map
Map size
231×231
Population
200
Speed
Normal
Resources
Standard
Victory
Conquest
Starting age
Dark Age
Ending age
Imperial Age
RankedLock teamsTeams togetherTeam positionsShared explorationLock speedFull tech treeHidden civsTurbo modeCheats
Victory
Defeat
🇵🇪 Italians · Peru
1287
+13
🇵🇪 Huns · Peru
1257
+14
🇵🇪 Persians · Peru
1203
+16
🇵🇪 Franks · Peru
1119
+20
🇨🇳 Saracens · China
1255
-18
🇺🇸 Saracens · United States
1205
-16
🇨🇱 Portuguese · Chile
1201
-15
🇲🇽 Persians · Mexico
1178
-14
Oki Doki
3:13 Loom
15:16 Feudal Age
15:47 Double-Bit Axe
20:24 Castle Age
19:19 Scale Barding Armor
20:14 Wheelbarrow
21:51 Husbandry
24:19 Chain Barding Armor
31:26 Forging
33:03 Iron Casting
34:01 Hand Cart
40:19 Imperial Age
39:04 Bow Saw
40:22 Cavalier
gobenjc
4:29 Loom
14:43 Feudal Age
16:12 Double-Bit Axe
22:34 Castle Age
22:47 Fletching
23:35 Medium Warships
23:15 Town Watch
23:52 Bow Saw
23:40 Bodkin Arrow
25:58 Wheelbarrow
27:30 Padded Archer Armor
29:16 Ballistics
29:14 Leather Archer Armor
38:25 Imperial Age
40:32 Chemistry
40:06 Ring Archer Armor
Cjota
3:48 Loom
12:43 Feudal Age
20:06 Castle Age
20:23 Scale Barding Armor
27:44 Chain Barding Armor
39:04 Imperial Age
38:37 Kamandaran
39:30 Fletching
39:51 Forging
40:35 Conscription
40:55 Bodkin Arrow
41:37 Iron Casting
Puino
2:57 Loom
14:06 Feudal Age
18:15 Castle Age
17:24 Fletching
17:26 Double-Bit Axe
17:38 Gold Mining
19:52 Bow Saw
20:20 Gold Shaft Mining
24:15 Bodkin Arrow
25:52 Ballistics
31:28 Wheelbarrow
31:20 Bloodlines
31:11 Husbandry
31:59 Scale Barding Armor
32:05 Forging
35:09 Imperial Age
36:58 Chemistry
36:25 Parthian Tactics
37:12 Hand Cart
37:32 Heavy Cavalry Archer
Empire
5:22 Loom
14:15 Feudal Age
14:58 Fishing Lines
19:52 Castle Age
18:33 Double-Bit Axe
22:50 Forging
22:53 Medium Warships
25:21 Horse Collar
28:21 Pikeman
36:38 Crossbowman
37:23 Thumb Ring
37:22 Padded Archer Armor
38:08 Thumb Ring
37:45 Elite Skirmisher
38:41 Gold Mining
Cesar
6:06 Loom
13:24 Feudal Age
18:51 Castle Age
16:37 Double-Bit Axe
17:10 Gold Mining
17:55 Scale Barding Armor
18:01 Forging
18:44 Bloodlines
19:31 Husbandry
20:11 Bow Saw
20:20 Town Watch
23:42 Iron Casting
27:47 Wheelbarrow
27:47 Chain Barding Armor
28:28 Gold Shaft Mining
27:45 Stone Mining
27:43 Horse Collar
30:13 Hand Cart
30:37 Town Patrol
33:28 Heavy Plow
35:19 Stone Shaft Mining
39:44 Imperial Age
RedScott
5:42 Loom
16:23 Feudal Age
17:23 Double-Bit Axe
22:15 Wheelbarrow
22:23 Fletching
24:53 Castle Age
23:55 Padded Archer Armor
26:03 Medium Warships
26:00 Bodkin Arrow
27:07 Leather Archer Armor
28:13 Hand Cart
31:45 Bow Saw
32:12 Gold Mining
33:45 Ballistics
34:58 Gold Shaft Mining
35:09 Stone Mining
38:16 Elite Skirmisher
RoroAPC
4:37 Loom
12:45 Feudal Age
17:17 Gold Mining
20:07 Castle Age
19:12 Fishing Lines
19:31 Double-Bit Axe
21:20 Bloodlines
21:10 Husbandry
22:41 Fletching
37:30 Horse Collar
40:24 Imperial Age
40:33 Imperial Age
40:43 Imperial Age
Connection lost

Rejoining the realm…

Still unreachable

The connection could not be restored.

Session expired

The server has moved on; the page needs a fresh start.